 Dungeon Crawl Stone Soup version 0.30.0-5-g1a98f26d00 (webtiles) character file.

Game seed: 8163618399909261999

187429 SnakkuSnakku7 the Bringer of Light (level 17, -2/158 HPs)
             Began as an Armataur Warper on May 8, 2023.
             Was the Champion of the Shining One.
             Succumbed to a green draconian monk's poison gas
             ... on level 3 of the Abyss on May 9, 2023.
             The game lasted 00:46:33 (30268 turns).

SnakkuSnakku7 the Bringer of Light (AtWr)          Turns: 30268, Time: 00:46:34

Health: -2/158     AC: 33    Str: 24 (25) XL:     17   Next: 88%
Magic:  18/34      EV:  3    Int: 14      God:    the Shining One [******]
Gold:   2124       SH: 11    Dex:  9      Spells: 19/19 levels left

rFire   + + .        a - +10 morningstar "Eos" {elec, Halo rElec}
rCold   + . .        x - +0 kite shield
rNeg    + + +        Y - +2 plate armour {rC+}
rPois   .            i - +2 helmet of Purpose {rF+}
rElec   +            w - +1 cloak
rCorr   .            y - +2 pair of gloves
SInv    .            Q - +0 barding
Will    +....        T - amulet of guardian spirit Stlth
                     X - +4 ring of protection
HPRegen 0.46/turn    W - ring "Lojai" {+Blink rF+ MP+9 Slay+4}
MPRegen 0.24/turn

%: guardian spirit, roll
@: lethally poisoned (-2 -> -15), glowing, studying 2 skills, unable to drink
A: large, rugged brown scales 3, deformed body, armoured tail, roll, long
tongue, awkward tongue, deterioration 1, [low MP 1], [inability to drink after
injury 2]
a: Renounce Religion, Evoke Blink, Divine Shield, Cleansing Flame, Summon Divine
Warrior


You were on level 3 of the Abyss.
You worshipped the Shining One.
The Shining One was exalted by your worship.
You visited 5 branches of the dungeon, and saw 26 of its levels.
You visited the Abyss 3 times.
You also visited: Bailey, Gauntlet and Ice Cave.

You collected 3883 gold pieces.
You spent 1759 gold pieces at shops.

Inventory:

Hand Weapons
 a - the +10 morningstar "Eos" (weapon) {elec, Halo rElec}
   (You found it in a Gauntlet)

   Halo:      It grants its wielder a halo, revealing invisible creatures and
   increasing accuracy against all within it other than the wielder.
   rElec:     It insulates you from electricity.
 b - a +8 broad axe of holy wrath
Missiles
 M - a throwing net (quivered)
Armour
 i - the +2 helmet of Purpose (worn) {rF+}
   (You bought it in a shop on level 2 of the Orcish Mines)

   rF:        It protects you from fire.
 v - a +0 tower shield
 w - a +1 cloak (worn)
 x - a +0 kite shield (worn)
 y - a +2 pair of gloves (worn)
 Q - a +0 barding (worn)
 Y - a +2 plate armour of cold resistance (worn)
Jewellery
 f - the ring of Coockes {rPois rCorr Int+3 Dex-5}
   (You found it on level 5 of the Lair of Beasts)

   [ring of poison resistance]

   Int:       It affects your intelligence (+3).
   Dex:       It affects your dexterity (-5).
   rPois:     It protects you from poison.
   rCorr:     It protects you from acid and corrosion.
 B - the ring of Xaskiq {Ice Slay+2}
   (You found it on level 5 of the Dungeon)

   [ring of ice]

   It enhances your ice magic.
   Slay:      It affects your accuracy & damage with ranged weapons and melee
   (+2).
   rF:        It makes you vulnerable to fire.
   rC:        It protects you from cold.
 T - an amulet of guardian spirit (around neck)
 U - the ring of Joy {rCorr Str+5 Int-5}
   (You found it in a Gauntlet)

   [ring of resist corrosion]

   Str:       It affects your strength (+5).
   Int:       It affects your intelligence (-5).
   rCorr:     It protects you from acid and corrosion.
 V - the ring "Aloschoz" {Will+ SInv}
   (You found it in a Gauntlet)

   [ring of willpower]

   SInv:      It lets you see invisible.
   Will:      It increases your willpower.
 W - the ring "Lojai" (right hand) {+Blink rF+ MP+9 Slay+4}
   (You found it on level 12 of the Dungeon)

   [ring of slaying]

   Slay:      It affects your accuracy & damage with ranged weapons and melee
   (+4).
   rF:        It protects you from fire.
   MP:        It affects your magic capacity (+9).
   +Blink:    It lets you blink.
 X - a +4 ring of protection (left hand)
Wands
 d - a wand of quicksilver (7)
 g - a wand of flame (53)
 n - a wand of charming (21)
 C - a wand of digging (3)
 K - a wand of mindburst (21)
 L - a wand of polymorph (15)
 N - a wand of iceblast (14)
Scrolls
 h - a scroll of immolation
 k - 3 scrolls of fear
 o - 5 scrolls of enchant armour
 p - 3 scrolls of silence
 r - 4 scrolls of fog
 z - 15 scrolls of identify
 A - 7 scrolls of magic mapping
 E - 3 scrolls of vulnerability
 F - a scroll of summoning
 I - 11 scrolls of teleportation
 S - a scroll of brand weapon
Potions
 e - 2 potions of flight
 j - 6 potions of might
 l - 2 potions of curing
 q - 5 potions of attraction
 s - 4 potions of heal wounds
 t - 3 potions of haste
 D - 3 potions of brilliance
 G - 7 potions of mutation
 O - 4 potions of berserk rage
 R - 10 potions of magic
Miscellaneous
 u - a phantom mirror
 H - a phial of floods
 P - a box of beasts


   Skills:
 - Level 12.5 Fighting
 - Level 13.3(15.4) Axes
 - Level 13.8(16.4) Maces & Flails
 - Level 0.8 Throwing
 - Level 10.0 Armour
 - Level 1.3 Dodging
 - Level 13.0 Shields
 - Level 1.7 Spellcasting
 - Level 3.0 Translocations
 + Level 14.6 Invocations
 - Level 8.0 Evocations


You had 19 spell levels left.
You didn't know any spells.
Your spell library contained the following spells:

 Spells                   Type           Power      Damage    Failure   Level
 Blink                    Tloc           18%        N/A       88%         2
 Lesser Beckoning         Tloc           18%        N/A       88%         2
 Gell's Gravitas          Tloc           9%         N/A       98%         3
 Teleport Other           Tloc           9%         N/A       98%         3
 Magic Dart               Conj           4%         1d3       99%         1
 Slow                     Hex            4%         N/A       99%         1
 Sting                    Tmut/Pois      4%         1d3       99%         1
 Cigotuvi's Dreadful Rot  Necr/Pois/Air  2%         N/A       100%        2
 Ensorcelled Hibernation  Hex/Ice        2%         N/A       100%        2
 Poisonous Vapours        Pois/Air       2%         N/A       100%        2
 Searing Ray              Conj           2%         2d4       100%        2
 Static Discharge         Conj/Air       2%         2-3/arc   100%        2
 Sublimation of Blood     Necr           1%         N/A       100%        2
 Wereblood                Tmut           1%         N/A       100%        2
 Confusing Touch          Hex            1%         N/A       100%        3
 Dazzling Flash           Conj/Hex       2%         N/A       100%        3
 Ignite Poison            Fire/Tmut/Pois 1%         N/A       100%        3
 Mephitic Cloud           Conj/Pois/Air  1%         N/A       100%        3
 Portal Projectile        Hex/Tloc       10%        N/A       100%        3
 Summon Guardian Golem    Hex/Summ       1%         N/A       100%        3
 Tukima's Dance           Hex            1%         N/A       100%        3
 Vampiric Draining        Necr           1%         2d6       100%        3
 Vhi's Electric Charge    Tloc/Air       10%        N/A       100%        3
 Volatile Blastmotes      Fire/Tloc      10%        2d10      100%        3
 Airstrike                Air            0%         2d(1-17)  100%        4
 Anguish                  Hex/Necr       0%         N/A       100%        4
 Cause Fear               Hex            0%         N/A       100%        4
 Dispel Undead            Necr           1%         3d6       100%        4
 Fulminant Prism          Conj/Hex       0%         3d5       100%        4
 Iskenderun's Mystic Bla  Conj/Tloc      5%         2d3       100%        4
 Leda's Liquefaction      Hex/Erth       0%         N/A       100%        4
 Manifold Assault         Tloc           9%         N/A       100%        4
 Petrify                  Tmut/Erth      1%         N/A       100%        4
 Summon Lightning Spire   Summ/Air       1%         N/A       100%        4
 Agony                    Necr           1%         N/A       100%        5
 Blade Hands              Tmut           0%         N/A       100%        5
 Freezing Cloud           Conj/Ice/Air   0%         6-21      100%        5
 Lee's Rapid Deconstruct  Erth           0%         3d4*      100%        5
 Silence                  Hex/Air        0%         N/A       100%        5
 Death Channel            Necr           0%         N/A       100%        6
 Statue Form              Tmut/Erth      0%         N/A       100%        6
 Enfeeble                 Hex            0%         N/A       100%        7
 Orb of Destruction       Conj           0%         9d5       100%        7
 Spellforged Servitor     Conj/Summ      0%         N/A       100%        7
 Storm Form               Tmut/Air       0%         N/A       100%        7
 Summon Hydra             Summ           0%         N/A       100%        7
 Maxwell's Capacitive Co  Air            0%         ∞         100%        8


Dungeon Overview and Level Annotations

Branches:
Dungeon (15/15)            Temple (1/1) D:4            Lair (5/5) D:9
  Swamp (0/4) Lair:3        Snake (0/4) Lair:3        Slime (0/5) Lair:4
    Orc (2/2) D:12            Elf (3/3) Orc:2        Vaults (0/5) D:13
 Depths (0/4) D:15         Bailey (visited)           IceCv (visited)
Gauntlet (visited)

Altars:
Ashenzari
Cheibriados
Dithmenos
Elyvilon
Fedhas
Gozag
Hepliaklqana
Kikubaaqudgha
Makhleb
Nemelex Xobeh
Okawaru
Qazlal
Ru
Sif Muna
Trog
Uskayaw
Vehumet
Wu Jian
Xom
Yredelemnul
Zin
The Shining One
Jiyva

Shops:
D:11 *   D:12 (   D:15 *   Orc:2 [[=*   Elf:2 !

Annotations:
Elf:3 1 runed translucent door, Heg Cuhi's ghost, adept MiFi


Innate Abilities, Weirdness & Mutations

You are completely covered in rugged brown scales. (AC +3, +7% HP)
Armour fits poorly on your strangely shaped body.
You have a long armoured tail.
You roll when moving toward enemies. (Rampage)
Your long tongue fully drains potion bottles. (2x potion effects)
Your tongue gives you trouble enunciating. (1.5x scroll delay)
Your body sometimes deteriorates upon taking damage.
[Your magical capacity is low. (-10% MP)]
[You sometimes lose the ability to drink potions when taking damage.]


Message History

You are more poisoned.
Unknown command.
You closely miss the green draconian monk.
Your tail-slap misses the green draconian monk.
The green draconian monk is moderately wounded.
You are engulfed in poison gas.
You are lethally poisoned!
* * * LOW HITPOINT WARNING * * *
You feel extremely sick.
An ancient zyme comes into view.
You feel yourself growing ill in the presence of the ancient zyme.
The green draconian monk hits you.
* * * LOW HITPOINT WARNING * * *
The green draconian monk kicks you but does no damage.
The green draconian monk tail-slaps you.
* * * LOW HITPOINT WARNING * * *
The green draconian monk tail-slaps you but does no damage.
Okay, then.
You cannot drink potions in your current state!
Unknown command.
Blink to where?
Press: ? - help, Dir - move target As you slowly read the scroll of blinking, it crumbles to dust.
* * * LOW HITPOINT WARNING * * *
Your body deteriorates!
You feel weakened.
You feel extremely sick.
* * * LOW HITPOINT WARNING * * *
You feel extremely sick.
* * * LOW HITPOINT WARNING * * *
You feel extremely sick.
* * * LOW HITPOINT WARNING * * *
You feel very sick.
You cannot drink potions in your current state!
Unknown command.
* * * LOW HITPOINT WARNING * * *
You feel very sick.
You cannot drink potions in your current state!
Unknown command.
Okay, then.
You die...

.# .#.# .#.#
..###..#..##.#.
.##..#.#..†..†..
##.#...## #. #
.#...# ○# . #
#...## #§## #...
.#..#.###.
#.#.###...§#8#.
#.##..@.#.####
###.#..####.##
.. #..# # ..#
##.# . #.. ...
##. #.


There were no monsters in sight!

Vanquished Creatures
  Bai Suzhen (Elf:3)
  A bone dragon (Abyss:3)
  Jorgrun (Orc:1)
  A tentacled monstrosity (Abyss:3)
  3 liches (Abyss:3)
  2 tentacled starspawn (Abyss:3)
  A daeva (Abyss:3)
  3 deep elf sorcerers
  A draconian scorcher (Abyss:3)
  An orc warlord (Bailey)
  A very ugly thing (Elf:1)
  A stone giant (D:15)
  A deep elf demonologist (Elf:1)
  Nessos (Lair:3)
  A minotaur (Gauntlet)
  5 dire elephants (Lair:5)
  A deep elf death mage (Elf:1)
  Josephine (D:13)
  An ettin (shapeshifter) (Elf:2)
  A blizzard demon (Abyss:3)
  2 deep elf high priests
  Fannar (D:11)
  A hydra (Lair:2)
  2 ogre magi
  A catoblepas (D:14)
  A vault guard (D:13)
  26 dancing weapons
  4 boulder beetles
  4 death yaks
  11 two-headed ogres
  A centaur warrior (D:13)
  4 tengu warriors
  4 thrashing horrors (Abyss:3)
  6 orc high priests (Orc:2)
  24 deep elf knights
  2 skysharks
  3 wretched stars (Abyss:3)
  A spatial maelstrom (Abyss:3)
  A spectral death yak (Lair:5)
  9 skeletal warriors
  A spectral anaconda (Lair:5)
  Lodul (D:14)
  2 glowing orange brains (Abyss:3)
  An obsidian statue (Lair:5)
  24 deep elf zephyrmancers
  6 starcursed masses (Abyss:3)
  12 deep elf archers
  Pikel (D:6)
  4 necromancers
  A wizard (Elf:1)
  5 cyclopes
  11 ugly things
  30 deep elf pyromancers
  3 orc knights
  An orc sorcerer (Orc:2)
  12 large abominations
  A manticore (D:11)
  29 elephants
  4 black mambas
  2 smoke demons
  Maurice (Orc:1)
  3 ice statues (IceCv)
  2 dire elephant skeletons (Lair:5)
  7 cane toads
  Psyche (D:10)
  3 unseen horrors
  A hellion (Abyss:3)
  A kobold demonologist (D:10)
  9 komodo dragons
  A freezing wraith (IceCv)
  4 rime drakes
  4 ancient zymes (Abyss:3)
  2 tyrant leeches (Lair:3)
  Grinder (D:5)
  7 trolls
  Prince Ribbit (D:6)
  18 blink frogs
  A hornet (D:11)
  11 raiju
  2 spectral elephants (Lair:5)
  An ettin skeleton (Abyss:3)
  A water elemental (Elf:2)
  14 yaks
  3 shadows
  4 air elementals
  A spriggan (shapeshifter) (Elf:1)
  A fire bat (Gauntlet)
  A vampire (D:9)
  6 wyverns
  5 wraiths
  2 ynoxinuls (Abyss:3)
  4 fire elementals
  2 basilisks
  3 death yak simulacra
  A steam dragon (D:9)
  4 vampire mosquitoes (D:14)
  A spectral cane toad (Lair:5)
  7 wargs
  5 spatial vortices (Abyss:3)
  3 nagas (Lair:3)
  2 harpy simulacra (IceCv)
  2 acid dragons
  A hell hound (Gauntlet)
  Duvessa (D:5)
  8 water moccasins
  2 sky beasts (D:7)
  An elephant zombie (Lair:5)
  4 black bears
  23 ogres
  12 orc warriors
  6 wolves (Lair:1)
  5 centaurs
  3 elephant skeletons (Lair:5)
  3 lemures (D:6)
  3 phantoms
  5 bullfrogs
  3 earth elementals
  4 cane toad simulacra (Lair:5)
  3 wights (D:6)
  Dowan (D:5)
  4 killer bees
  3 elephant simulacra
  3 electric eels (Lair:4)
  3 crimson imps
  A howler monkey (D:4)
  7 jellies
  34 orc priests
  Crazy Yiuf (D:4)
  3 hounds
  2 gnoll boudas
  A sleepcap (D:7)
  3 iguanas
  26 orc wizards
  A lightning spire (Gauntlet)
  A polar bear simulacrum (IceCv)
  A statue (D:13)
  16 small abominations
  Robin (D:4)
  9 gnolls
  3 adders
  2 shadow imps
  A white imp (D:6)
  2 ufetubi
  4 dart slugs
  93 orcs
  4 ball pythons
  6 endoplasms
  A giant cockroach (D:3)
  13 goblins
  18 hobgoblins
  3 jackals (D:4)
  18 kobolds
  5 quokkas
  6 bats
  3 frilled lizards (D:1)
  3 rats
  A lurking horror (Abyss:3)
835 creatures vanquished.

Vanquished Creatures (collateral kills)
  A skyshark (Lair:5)
1 creature vanquished.

Vanquished Creatures (others)
  A deep elf demonologist (Elf:3)
  A deep elf zephyrmancer (Elf:1)
  2 blink frogs (Abyss:3)
  A large abomination (Abyss:3)
  An air elemental (Elf:2)
  A small abomination (Abyss:3)
  An ufetubus (Abyss:3)
  A lurking horror (Abyss:3)
  4 starspawn tentacles (Abyss:3)
13 creatures vanquished.

Grand Total: 849 creatures vanquished

Notes
Turn   | Place    | Note
-------+----------+-------------------------------------------
     0 | D:1      | SnakkuSnakku7 the Armataur Warper began the quest for the
                  | Orb.
     0 | D:1      | Reached XP level 1. HP: 18/18 MP: 3/3
   251 | D:1      | Reached XP level 2. HP: 25/25 MP: 4/4
   778 | D:2      | You fall into a shaft and drop 1 floor!
   828 | D:3      | Reached XP level 3. HP: 32/32 MP: 5/5
  1000 | D:2      | Reached XP level 4. HP: 30/40 MP: 2/6
  1305 | D:2      | Reached skill level 1 in Maces & Flails
  1697 | D:3      | Noticed a phantom
  1711 | D:3      | Killed a phantom
  1712 | D:3      | Reached XP level 5. HP: 13/49 MP: 2/7
  2529 | D:4      | Noticed a black bear
  2537 | D:4      | Killed a black bear
  2538 | D:4      | Reached XP level 6. HP: 13/55 MP: 2/8
  2782 | D:4      | Noticed Robin
  2803 | D:4      | Killed Robin
  2967 | D:4      | Found a staircase to the Ecumenical Temple.
  2976 | Temple   | Entered the Ecumenical Temple
  3406 | D:4      | Found a runed translucent door.
  3407 | D:4      | Noticed Crazy Yiuf
  3413 | D:4      | Killed Crazy Yiuf
  3591 | D:4      | Reached skill level 5 in Fighting
  3591 | D:4      | Reached XP level 7. HP: 48/65 MP: 3/9
  3813 | D:5      | Entered Level 5 of the Dungeon
  4092 | D:5      | Noticed Dowan
  4093 | D:5      | Noticed Duvessa
  4125 | D:5      | Killed Duvessa
  4126 | D:5      | Reached skill level 5 in Maces & Flails
  4136 | D:5      | Killed Dowan
  4160 | D:5      | Found a large runed translucent door.
  4160 | D:5      | Found a large runed translucent door.
  4248 | D:5      | Reached skill level 5 in Armour
  4248 | D:5      | Reached XP level 8. HP: 24/72 MP: 3/10
  4469 | D:5      | Found a large runed translucent door.
  4469 | D:5      | Found a large runed translucent door.
  4523 | D:5      | Identified the ring of Xaskiq {Ice Slay+2}
  4675 | D:5      | Noticed Grinder
  4686 | D:5      | Killed Grinder
  4898 | D:5      | Got Begh's Folio of the Wyrd and Forms
  5305 | D:4      | Reached XP level 9. HP: 20/79 MP: 3/11
  6336 | D:6      | Noticed Pikel
  6386 | D:6      | Killed Pikel
  6495 | D:6      | Noticed Prince Ribbit
  6517 | D:6      | Killed Prince Ribbit
  6841 | D:7      | Reached skill level 10 in Armour
  7478 | D:8      | Found a snail-covered altar of Cheibriados.
  7623 | D:8      | Found a flagged portal.
  7658 | Bailey   | Entered a bailey
  7700 | Bailey   | Reached skill level 1 in Evocations
  7700 | Bailey   | Reached XP level 10. HP: 86/86 MP: 12/12
  7702 | Bailey   | Noticed an orc warlord
  7855 | Bailey   | Found a runed translucent gate.
  7857 | Bailey   | Found a runed translucent gate.
  7858 | Bailey   | Found a runed translucent gate.
  8030 | Bailey   | Killed an orc warlord
  8235 | Bailey   | Reached XP level 11. HP: 112/112 MP: 13/13
  8235 | Bailey   | Reached XP level 12. HP: 120/120 MP: 14/14
  8344 | D:8      | Reached skill level 10 in Maces & Flails
  8675 | D:9      | Noticed a two-headed ogre
  8680 | D:9      | Killed a two-headed ogre
  8824 | D:9      | Found a staircase to the Lair.
  9373 | D:9      | Reached skill level 5 in Evocations
  9508 | D:10     | Entered Level 10 of the Dungeon
 10238 | D:10     | Found a glowing golden altar of the Shining One.
 10238 | D:10     | Found a shimmering altar of Xom.
 10243 | D:10     | Became a worshipper of the Shining One
 10316 | Lair:1   | Entered Level 1 of the Lair of Beasts
 11637 | Lair:2   | Reached XP level 13. HP: 102/127 MP: 15/15
 12095 | Lair:2   | Identified the +4 dagger "Arbiter" {vamp, Str+4 Int+3}
 14204 | Lair:3   | Noticed Nessos
 14214 | Lair:3   | Killed Nessos
 14273 | Lair:3   | Reached * piety under the Shining One
 14566 | Lair:3   | Found a staircase to the Swamp.
 14945 | Lair:3   | Found a staircase to the Snake Pit.
 15113 | Lair:4   | Reached skill level 1 in Invocations
 15118 | Lair:4   | Reached skill level 2 in Invocations
 15128 | Lair:4   | Reached skill level 3 in Invocations
 15150 | Lair:4   | Found a staircase to the Slime Pits.
 15150 | Lair:4   | Found a viscous altar of Jiyva.
 15376 | Lair:4   | Reached skill level 4 in Invocations
 15751 | Lair:4   | Reached skill level 5 in Invocations
 16176 | Lair:5   | Entered Level 5 of the Lair of Beasts
 16176 | Lair:5   | Found a gate leading to a gauntlet.
 16193 | Gauntlet | Entered a Gauntlet
 16193 | Gauntlet | Found a transporter.
 16193 | Gauntlet | Found a transporter.
 16193 | Gauntlet | Found a runed translucent gate.
 16212 | Gauntlet | Found a runed translucent gate.
 16214 | Gauntlet | Found a runed translucent gate.
 16222 | Gauntlet | Found a transporter.
 16239 | Gauntlet | Found a transporter.
 16239 | Gauntlet | Found a transporter.
 16240 | Gauntlet | Found a transporter.
 16243 | Gauntlet | Found a transporter.
 16243 | Gauntlet | Found a transporter.
 16246 | Gauntlet | Noticed a dire elephant
 16256 | Gauntlet | Found the +10 morningstar "Eos" {elec, Halo rElec}
 16260 | Gauntlet | Found a transporter.
 16265 | Gauntlet | Found a runed translucent door.
 16272 | Gauntlet | Found a transporter.
 16282 | Gauntlet | Found a transporter.
 16283 | Gauntlet | Noticed a reaper
 16296 | Gauntlet | Found a transporter.
 16316 | Gauntlet | Found a transporter.
 16331 | Gauntlet | Found a transporter.
 16390 | Gauntlet | Reached skill level 6 in Invocations
 16396 | Gauntlet | Identified the ring of Joy {rCorr Str+5 Int-5}
 16446 | Gauntlet | Identified the ring "Aloschoz" {Will+ SInv}
 16466 | Gauntlet | Found the crystal ball of Wucad Mu {*channel}
 16466 | Gauntlet | Identified the +5 battleaxe of Xyiwinef {freeze, rC- Will-
                  | Dex+6}
 16466 | Gauntlet | Noticed a minotaur
 16466 | Gauntlet | Reached ** piety under the Shining One
 16476 | Gauntlet | Killed a minotaur
 16484 | Gauntlet | Identified the +0 robe of the Spider Nest {rElec rPois rF-
                  | Stlth+}
 16782 | Lair:5   | Reached XP level 14. HP: 135/135 MP: 19/19
 17065 | Lair:5   | Reached skill level 5 in Axes
 17790 | Lair:5   | Reached *** piety under the Shining One
 18188 | Lair:5   | Identified the ring of Coockes {rPois rCorr Int+3 Dex-5}
 18439 | D:11     | Reached **** piety under the Shining One
 18561 | D:11     | Paralysed by a hornet for 1 turns
 18565 | D:11     | Noticed Fannar
 18565 | D:11     | Noticed Psyche
 18576 | D:10     | Killed Psyche
 18619 | D:11     | Killed Fannar
 18817 | D:11     | Found Ologuism's General Store.
 18825 | D:11     | Bought a scroll of enchant armour for 105 gold pieces
 18825 | D:11     | Bought a scroll of fear for 56 gold pieces
 18950 | D:11     | Identified the staff of earth "Viuniquh" {*Corrode rC+ rN+}
 19008 | D:11     | Identified a scroll of acquirement
 19009 | D:11     | Acquired 744 gold pieces
 19112 | D:12     | Found a staircase to the Orcish Mines.
 19301 | D:12     | Found Kiwauhum's Antique Weapon Shoppe.
 19456 | D:12     | Identified the ring "Lojai" {+Blink rF+ MP+9 Slay+4}
 19664 | Orc:1    | Entered Level 1 of the Orcish Mines
 20108 | Orc:1    | Noticed Jorgrun
 20116 | Orc:1    | Killed Jorgrun
 20117 | Orc:1    | Reached skill level 10 in Axes
 20224 | Orc:2    | Entered Level 2 of the Orcish Mines
 20224 | Orc:2    | Found a staircase to the Elven Halls.
 20269 | Orc:2    | Found a frozen archway.
 20286 | IceCv    | Entered an ice cave
 20559 | IceCv    | Reached XP level 15. HP: 94/143 MP: 19/20
 20839 | Orc:2    | Reached ***** piety under the Shining One
 20914 | Orc:2    | Found Nuvealop's Antique Armour Emporium.
 20914 | Orc:2    | Found Riden's Antique Armour Boutique.
 20972 | Orc:2    | Gained mutation: Your body sometimes deteriorates upon
                  | taking damage. [a neqoxec]
 20993 | Orc:2    | Bought a runed plate armour for 598 gold pieces
 21013 | Orc:2    | Bought a twisted helmet for 256 gold pieces
 21013 | Orc:2    | Identified the +2 helmet of Purpose {rF+} (You bought it in
                  | a shop on level 2 of the Orcish Mines)
 21024 | Orc:2    | Bought a tower shield for 121 gold pieces
 21175 | Orc:2    | Found Duwkip's Assorted Antiques.
 21175 | Orc:2    | Found Kuyr's Jewellery Boutique.
 21285 | Orc:2    | Bought a scroll of enchant armour for 210 gold pieces
 21285 | Orc:2    | Bought a flickering emerald amulet for 140 gold pieces
 21285 | Orc:2    | Identified the amulet "Ruhuv" {Harm rPois Regen+} (You
                  | bought it in a shop on level 2 of the Orcish Mines)
 21285 | Orc:2    | Bought a potion of might for 112 gold pieces
 21610 | Orc:1    | You fall into a shaft and drop 1 floor!
 21637 | Orc:1    | Noticed Maurice
 21647 | Orc:1    | Killed Maurice
 22007 | D:13     | Identified the +1 scale mail of the Equator {rPois Regen+}
 22028 | D:13     | Found a radiant altar of Vehumet.
 22145 | D:13     | Noticed Josephine
 22146 | D:13     | Reached ****** piety under the Shining One
 22154 | D:13     | Killed Josephine
 22275 | D:13     | Found a gate to the Vaults.
 22531 | D:14     | Identified a +4 broad axe of holy wrath (a +2 broad axe of
                  | draining blessed by the Shining One)
 22531 | D:14     | Received a gift from the Shining One
 22550 | D:14     | Noticed Lodul
 22561 | D:14     | Killed Lodul
 23455 | D:15     | Entered Level 15 of the Dungeon
 23493 | D:15     | Found a staircase to the Depths.
 23505 | D:15     | Reached skill level 1 in Shields
 23871 | D:15     | Found Dublavve's General Store.
 23886 | D:15     | Bought a +1 cloak for 161 gold pieces
 24003 | D:15     | Reached skill level 5 in Shields
 24526 | Elf:1    | Entered Level 1 of the Elven Halls
 24544 | Elf:1    | Paralysed by an air elemental for 1 turns
 24597 | Elf:1    | Reached XP level 16. HP: 67/150 MP: 14/21
 24879 | Elf:1    | Identified the +0 pair of gloves of Semeg {rF+ Dex+5}
 24886 | Elf:1    | Found an ancient bone altar of Kikubaaqudgha.
 25148 | Elf:1    | Reached skill level 10 in Shields
 25611 | Abyss:3  | Cast into level 3 of the Abyss (a wizard)
 25680 | Abyss:3  | Found a corrupted altar of Lugonu.
 25700 | Abyss:3  | Noticed a lich
 25710 | Abyss:3  | Killed a lich
 25719 | Abyss:3  | Noticed a tentacled starspawn
 25722 | Abyss:3  | Noticed a lich
 25728 | Abyss:3  | Killed a lich
 25740 | Abyss:3  | Killed a tentacled starspawn
 25764 | Elf:1    | Escaped the Abyss
 26120 | Elf:1    | Reached skill level 7 in Invocations
 26507 | Elf:2    | Reached skill level 8 in Invocations
 26627 | Elf:2    | Paralysed by an air elemental for 1 turns
 26632 | Elf:2    | Paralysed by an air elemental for 1 turns
 26651 | Elf:2    | Reached skill level 9 in Invocations
 26674 | Elf:2    | Reached XP level 17. HP: 49/158 MP: 13/24
 26937 | Elf:1    | Found a radiant altar of Vehumet.
 27019 | Elf:2    | Got the Anthology of Fascination and Clay
 27020 | Elf:2    | Identified the +4 short sword "Gram" {flame, Dex+3}
 27113 | Elf:2    | Found a runed translucent gate.
 27117 | Elf:2    | Found a runed translucent gate.
 27117 | Elf:2    | Found a runed translucent gate.
 27125 | Elf:2    | Reached skill level 10 in Invocations
 27229 | Elf:2    | Found Georaaq's Distillery.
 27500 | Elf:1    | Reached skill level 11 in Invocations
 28246 | Elf:2    | Reached skill level 12 in Invocations
 28352 | Elf:3    | Entered Level 3 of the Elven Halls
 28352 | Elf:3    | Noticed Heg Cuhi's ghost (adept MiFi)
 28360 | Elf:3    | Found a runed translucent door.
 28466 | Elf:3    | Noticed Bai Suzhen
 28496 | Elf:3    | Killed Bai Suzhen
 28587 | Abyss:3  | Found a corrupted altar of Lugonu.
 28587 | Abyss:3  | Cast into level 3 of the Abyss (a deep elf demonologist)
 28668 | Abyss:3  | Noticed a tentacled monstrosity
 28676 | Abyss:3  | Killed a tentacled monstrosity
 28758 | Abyss:3  | Found a corrupted altar of Lugonu.
 28829 | Abyss:3  | Reached skill level 13 in Invocations
 28909 | Abyss:3  | Noticed a lich
 28969 | Abyss:3  | Noticed a lich
 28975 | Abyss:3  | Killed a lich
 28998 | Elf:3    | Escaped the Abyss
 30001 | Elf:3    | Reached skill level 14 in Invocations
 30001 | Abyss:3  | Cast into level 3 of the Abyss (a deep elf sorcerer)
 30196 | Abyss:3  | Noticed a bone dragon
 30234 | Abyss:3  | Killed a bone dragon
 30266 | Abyss:3  | HP: 6/158 [poisoned by a green draconian monk (poison gas)]
 30267 | Abyss:3  | HP: 2/158 [poisoned by a green draconian monk (poison gas)]
 30268 | Abyss:3  | Succumbed to a green draconian monk's poison gas

Illustrated notes

Levels and vault maps discovered:
D:1:      dpeg_arrival_rooms_b, layout_loops_cross, minmay_crystal_room
D:2:      layout_basic
D:3:      minmay_angry_zag, layout_basic, st_stairs_7
D:4:      layout_loops_corners, lemuel_temple_firewalk_a,
          uniq_crazy_yiuf_cottage, uniq_robin
D:5:      layout_rooms, palyth_stone_intersect, corexii_leaking_fountain,
          minmay_hollow_rounded_squares, uniq_duvessa, uniq_grinder
D:6:      layout_loops_corners, uniq_pikel, uniq_prince_ribbit1
D:7:      layout_gridville
D:8:      layout_rooms, mainiacjoe_overflow_surrounded_room, enter_bailey_1
D:9:      layout_rooms, erik_lair_orcish_takeover,
          amcnicky_mini_rare_corridor_liquid
D:10:     layout_loops_ring, gammafunk_temple_overflow_statue,
          grunt_decor_fettered
D:11:     layout_cave_pools, serial_shops, nicolae_shop_hallway_stairs,
          uniq_fannar, uniq_psyche
D:12:     layout_irregular_city, david_orc_2, serial_shops, shop
D:13:     layout_basic, david_vaults_5, vehumet_statue, uniq_josephine
D:14:     layout_roguey, hangedman_decor_riveting, uniq_lodul
D:15:     grunt_enter_depths_giant_problem, layout_irregular_city, serial_shops,
          shop, glass_columns_a
Temple:   compressed_dpeg_triangle_lava_temple
Lair:1:   layout_chaotic_city
Lair:2:   layout_small_grid, chequers_serial_rivers_micro_b, minmay_hedge_maze,
          serial_bayou_shore_b
Lair:3:   layout_cellular_growth, minmay_swamp_entry_worms,
          nicolae_snake_entry_squirm, grunt_megastairs_2, uniq_nessos
Lair:4:   layout_gridlike, nicolae_slime_entry_slimehenge, disabler_island,
          infiniplex_staircase_pool_2
Lair:5:   due_jungle_book, layout_gridlike, gauntlet_entry_generic,
          lemuel_fruit_fields
Orc:1:    layout_caves, uniq_maurice, uniq_jorgrun
Orc:2:    st_orc_town, layout_caves, portal_ice_cave_rime
Elf:1:    layout_onion_city, basic_altar, hangedman_elven_crosses_minicolossus,
          minmay_misc_feat_diagonals, laboratory, lemuel_upstairs_altar
Elf:2:    nicolae_elf_blades_crystal_corner, layout_geoelf_grid, serial_shops,
          nicolae_take_the_stairs, minmay_checkered_concentric_circles
Elf:3:    elf_hall, layout_loops_corners, hellmonk_ghost_big_iron, st_stairs_2,
          uniq_bai_suzhen
Abyss:3:  base: D:7, hangedman_grunt_abyss_rune_horror_hoard,
          nicolae_abyss_rune_star_stuff, base: Vaults:2, minivault_4,
          hangedman_abyss_lost_library, hangedman_abyss_overflow_altar, base:
          D:1, lemuel_flamethrower_2, minivault_25, minivault_11,
          hangedman_classic_abyss_death, spicy_pingpong_abyss_rune,
          lemuel_flamethrower_2

Skill      XL: |  1  2  3  4  5  6  7  8  9 10 11 12 13 14 15 16 17 |
---------------+----------------------------------------------------+-----
Fighting       | 2 3 4 5 12 | 12.5
Axes           | 2 3 10 13 | 13.3
Maces & Flails | 2 4 5 7 9 11 13 | 13.8
Armour         | 5 7 10 | 10.0
Evocations     | 1 3 7 8 |  8.0
Invocations    | 6 9 14 | 14.6
Shields        | 6 13 | 13.0
Throwing       | |  0.8
Dodging        | |  1.3
Spellcasting   | |  1.7
Translocations | |  3.0

Action                     |  1- 3 |  4- 6 |  7- 9 | 10-12 | 13-15 | 16-18 || total
---------------------------+-------+-------+-------+-------+-------+-------++-------
  Melee: Hand axe          |    67 |       |       |       |       |       ||    67
         Tailslap          |     9 |    13 |    38 |    49 |   271 |   161 ||   541
         Punch             |     2 |     2 |     2 |       |    12 |       ||    18
         Flail             |     4 |   154 |   205 |       |       |       ||   363
         Dire flail        |       |       |   124 |   298 |   315 |       ||   737
         Morningstar       |       |       |       |       |   859 |   718 ||  1577
         Broad axe         |       |       |       |       |       |    55 ||    55
 Invoke: Cleansing Flame   |       |       |       |       |     1 |       ||     1
         Brand Weapon With |       |       |       |       |     1 |       ||     1
  Evoke: Wand              |       |       |       |     9 |     3 |       ||    12
         Phantom mirror    |       |       |       |       |     2 |       ||     2
         Phial of floods   |       |       |       |       |     1 |       ||     1
    Use: Scroll            |       |     5 |     6 |    13 |    14 |     4 ||    42
         Potion            |       |       |     1 |     7 |     5 |     6 ||    19
 Armour: Plate armour      |    47 |   143 |   260 |   213 |   919 |   542 ||  2124
         Leather armour    |     2 |       |       |       |       |       ||     2
  Dodge: Dodged            |    16 |    25 |    58 |    54 |   135 |    63 ||   351
  Block: Kite shield       |       |       |       |       |    16 |   310 ||   326
         Tower shield      |       |       |       |       |     6 |       ||     6
